Map: Tourmaline LE

Players

Jonkie

  • Race: Protoss Protoss
  • League: Diamond
  • Spawn Location: 7:00

HoldTheDoor - Winner!

  • Race: Protoss Protoss
  • League: Diamond
  • Spawn Location: 1:00

VOD

Have the link to the VOD?

Description

Time

  • Played on: May 13, 2026, 12:41 p.m.
  • Length: 6:42
Show
View Real Time Build Order
Export as new Build Order

Jonkie Protoss 

Build Orders:  

Get SALT Encoding   

  12  0:00  Probe  
  13  0:12  Probe  
  14  0:17  Pylon  
  14  0:24  Probe  
  15  0:35  Probe, Gateway  
  16  0:43  Probe  
  16  0:47  Assimilator  
  17  0:51  Probe  
  18  1:03  Probe  
  19  1:08  Pylon  
  19  1:15  Probe  
  20  1:23  Cybernetics Core  
  20  1:25  Probe  
  21  1:33  Probe  
  22  1:45  Pylon  
  22  1:46  Probe  
  23  1:57  Stalker  
  23  1:58  Probe  
  26  2:03  Warp Gate  
  26  2:10  Probe  
  27  2:24  Nexus  
  27  2:29  Assimilator  
  27  2:34  Stalker  
  27  2:43  Pylon, Probe  
  30  3:01  Gateway  
  30  3:03  Pylon  
  30  3:10  Stalker  
  30  3:12  Shield Battery  
  32  3:31  Stargate  
  32  3:37  Stalker  
  32  3:38  Probe  
  32  3:39  Probe  
  36  3:46  Probe  
  36  3:53  Probe  
  36  3:54  Probe  
  38  3:57  Pylon  
  39  4:03  Stalker  
  39  4:05  Probe  
  39  4:06  Probe  
  39  4:07  Oracle  
  43  4:11  Assimilator  
  43  4:18  Probe  
  47  4:29  Stalker x2  
  50  4:38  Oracle  
  50  4:56  Pylon  
  50  5:07  Pylon  
  50  5:09  Pylon  
  50  5:18  Pylon  
  50  5:30  Sentry  
  50  5:31  Sentry  
  49  6:08  Stalker  
  49  6:09  Stalker  
Show
View Real Time Build Order
Export as new Build Order

HoldTheDoor Protoss - Winner!

Build Orders:  

Get SALT Encoding   

  12  0:00  Probe  
  13  0:12  Probe  
  14  0:17  Pylon  
  14  0:23  Probe  
  15  0:31  Probe  
  16  0:38  Gateway  
  16  0:39  Probe  
  16  0:48  Assimilator  
  17  0:58  Assimilator  
  17  1:01  Probe, Assimilator  
  18  1:13  Probe  
  19  1:19  Gateway  
  19  1:25  Probe  
  20  1:30  Cybernetics Core  
  20  1:38  Probe, Pylon  
  21  1:50  Probe  
  22  2:02  Probe  
  22  2:04  Stalker x2, Warp Gate  
  27  2:19  Pylon  
  27  2:24  Probe  
  28  2:31  Stalker  
  30  2:47  Robotics Facility  
  30  2:51  Gateway  
  30  3:00  Stalker  
  30  3:03  Stalker  
  32  3:12  Shield Battery  
  34  3:20  Pylon  
  34  3:24  Immortal  
  38  3:55  Sentry  
  40  3:57  Stalker  
  40  4:01  Zealot  
  44  4:14  Pylon  
  44  4:24  Immortal  
  48  4:42  Stalker x3  
  54  4:53  Shield Battery  
  54  5:02  Pylon  
  54  5:23  Stalker  
  56  5:32  Stalker x2  
  50  6:21  Stalker x3  
Tags
 
Matchup
PvP
Replay Pack
SC2Mai2026
Spawn Locations
Cross Positions
Add a new tag
Caveats
  • Supply blocks, unpowered buildings, or Contaminate may cause inaccurate times.
  • Supply counts are checked every 10 seconds.